 Dungeon Crawl Stone Soup version 0.29.1-2-gbd0b4ee654 (webtiles) character file.

Game seed: 9635560395165532663

1297 Anriel the Covered (level 8, -4/49 HPs)
             Began as a Gargoyle Fighter on Oct 25, 2022.
             Killed by an exploding quokka (38 damage)
             ... ignited by their inner flame
             ... on level 5 of the Dungeon.
             The game lasted 00:30:56 (5532 turns).

Anriel the Covered (Gargoyle Fighter)               Turns: 5532, Time: 00:30:57

Health: -4/49      AC: 19    Str: 21    XL:     8   Next: 56%
Magic:  8/8        EV:  7    Int: 10    God:
Gold:   218        SH:  5    Dex: 15    Spells: 7/7 levels left

rFire   . . .      SeeInvis .   o - +2 flail (holy)
rCold   . . .      Faith    .   c - +0 buckler
rNeg    + + .      Spirit   .   b - +1 chain mail {rN+}
rPois   ∞          Reflect  .   (no helmet)
rElec   +          Harm     .   (no cloak)
rCorr   .          Rampage  .   q - +0 pair of gloves
Will    .....                   s - +0 pair of boots
Stlth   ..........              (no amulet)
HPRegen 0.16/turn               l - +6 ring of dexterity
MPRegen 0.11/turn               (no ring)

@: no status effects
A: sickness immunity, AC +5, negative energy resistance 1, electricity
resistance, torment resistance 1, petrification resistance
a: no special abilities


You were on level 5 of the Dungeon.
You visited 1 branch of the dungeon, and saw 6 of its levels.

You collected 218 gold pieces.

Inventory:

Hand Weapons
 a - a +2 dire flail of protection
 o - a +2 flail of holy wrath (weapon)
Missiles
 m - 5 boomerangs (quivered)
Armour
 b - a +1 chain mail of positive energy (worn)
 c - a +0 buckler (worn)
 f - a +0 plate armour
 q - a +0 pair of gloves (worn)
 s - a +0 pair of boots (worn)
Jewellery
 j - an amulet of faith
 l - a +6 ring of dexterity (left hand)
Wands
 k - a wand of light (8)
 t - a wand of flame (31)
Scrolls
 e - 4 scrolls of teleportation
 i - a scroll of torment {unknown}
 p - a scroll of magic mapping
 v - a scroll of acquirement
Potions
 g - a potion of curing
 n - a potion of flight


   Skills:
 + Level 5.0 Fighting
 + Level 5.7 Maces & Flails
 + Level 1.9 Throwing
 * Level 6.2 Armour
 + Level 0.5 Dodging
 * Level 5.6 Shields
 * Level 3.0 Evocations


You had 7 spell levels left.
You didn't know any spells.
Your spell library contained the following spells:

 Spells                   Type           Power      Damage    Failure   Level
 Apportation              Tloc           0%         N/A       98%         1
 Necrotise                Necr           0%         1d4       98%         1
 Summon Small Mammal      Summ           0%         N/A       98%         1
 Gell's Gravitas          Tloc           0%         N/A       100%        3
 Lesser Beckoning         Tloc           0%         N/A       100%        3
 Teleport Other           Tloc           0%         N/A       100%        3


Dungeon Overview and Level Annotations

Branches:
Dungeon (6/15)
 Temple: D:4-7

Altars:
Ashenzari
Dithmenos
Elyvilon
Nemelex Xobeh
Qazlal
Ru
Uskayaw
Vehumet
Xom
Yredelemnul
Zin


Innate Abilities, Weirdness & Mutations

You are immune to sickness and miasma.
Your stone body is resilient. (AC +5)
You are immune to poison.
You resist negative energy. (rN+)
You are resistant to electric shocks. (rElec)
You are resistant to unholy torment.
You are immune to petrification.


Message History

You see here a bullfrog corpse.
An orc warrior, an orc wizard and an orc priest come into view.
The orc warrior shouts!
The orc priest shouts!
A quokka comes into view.
The orc priest invokes the aid of Beogh against you.
Beogh smites you!
Okay, then.
As you read the scroll of identify, it crumbles to dust.
n - a potion of flight
Okay, then.
You completely miss the orc wizard.
Really read the scroll of immolation?
As you read the scroll of immolation, it crumbles to dust.
The creatures around you are filled with an inner flame!
You block the orc wizard's attack.
The orc warrior hits you but does no damage.
The orc wizard gestures at you while chanting.
The puff of flame hits you.
Unknown command.
The orc warrior throws a boomerang.
You block the boomerang.
The orc wizard mumbles some strange words.
The orc wizard flickers and vanishes!
Deactivating autopickup; reactivate with Ctrl-A.
The orc priest looks satisfied for a moment.
Throw: 5 boomerangs
Press: ? - help, Q - select action, (/) - cycle Shift-Dir - straight line, f - quokka
Aim: a quokka (inner flame, 50% to hit)
You throw a boomerang. The boomerang barely misses the quokka.
The quokka barely misses you.
The orc warrior throws a boomerang.
The boomerang hits you.
The quokka bites you but does no damage.
The quokka bites you but does no damage.
The orc warrior throws a boomerang.
You block the boomerang.
You hit the quokka.
Flame seeps out of the quokka.
The quokka is lightly wounded.
The quokka is engulfed in blazing flames.
The quokka explodes!
The fiery explosion engulfs you!!!
Ouch! That really hurt!
You die...

.........## ####.<...
......o...######........
....o...#..##.....#.....
.......###.....####.....
###
#..o..###...#...####....
##.### ###...
#o..###....###...
.....### ######o§##
###...##... .......###
##§○## ###...#..
.........## ##.@##
##.....
......<...####..##
###... ............##.##
##.. .....(......#†##
##. ...........#..# ##..
#........##..## #...
##########..###### ##..#
#..####..### #..##
##.####.....## ####


You could see an orc warrior (inner flame) and an orc priest.

Vanquished Creatures
  Sigmund (D:5)
  Menkaure (D:5)
  Edmund (D:5)
  A black bear (D:5)
  An ogre (D:4)
  A centaur (D:5)
  Blork the orc (D:5)
  A bullfrog (D:5)
  2 scorpions
  A hound (D:5)
  An orc priest (D:5)
  4 iguanas
  Natasha (twice) (D:2)
  4 gnolls (D:3)
  5 adders
  A white imp (D:5)
  An ufetubus (D:4)
  2 worms
  5 dart slugs
  7 orcs
  10 endoplasms
  4 giant cockroaches
  6 hobgoblins
  7 jackals
  2 quokkas
  6 ball pythons
  2 bats
  3 frilled lizards
  3 goblins
  11 kobolds
  8 rats
105 creatures vanquished.

Notes
Turn   | Place    | Note
-------+----------+-------------------------------------------
     0 | D:1      | Anriel the Gargoyle Fighter began the quest for the Orb.
     0 | D:1      | Reached XP level 1. HP: 14/14 MP: 1/1
   489 | D:1      | Reached XP level 2. HP: 19/19 MP: 2/2
  1334 | D:2      | Reached XP level 3. HP: 23/23 MP: 3/3
  1429 | D:2      | Noticed Natasha
  1457 | D:2      | Killed Natasha
  1767 | D:2      | Reached XP level 4. HP: 29/29 MP: 4/4
  1956 | D:2      | Noticed Natasha
  1966 | D:2      | Killed Natasha
  1967 | D:2      | Reached skill level 4 in Armour
  2297 | D:3      | Found a shimmering altar of Xom.
  2297 | D:3      | Found a shimmering altar of Xom.
  2302 | D:3      | Found a shimmering altar of Xom.
  2304 | D:3      | Found a shimmering altar of Xom.
  2304 | D:3      | Found a shimmering altar of Xom.
  2305 | D:3      | Found a shimmering altar of Xom.
  2306 | D:3      | Noticed a scorpion
  2307 | D:3      | Found a shimmering altar of Xom.
  2425 | D:3      | Found a faded altar of an unknown god.
  2432 | D:3      | Found a broken altar of Ashenzari.
  2491 | D:3      | Reached XP level 5. HP: 33/33 MP: 5/5
  2492 | D:3      | Found a faded altar of an unknown god.
  2720 | D:3      | Reached XP level 6. HP: 17/38 MP: 6/6
  3641 | D:4      | Reached XP level 7. HP: 26/44 MP: 7/7
  3810 | D:4      | Reached skill level 5 in Armour
  3810 | D:4      | Reached skill level 1 in Evocations
  4099 | D:5      | Entered Level 5 of the Dungeon
  4192 | D:5      | Found a white marble altar of Elyvilon.
  4193 | D:5      | Found a hide-covered altar of Uskayaw.
  4193 | D:5      | Noticed Menkaure
  4193 | D:5      | Noticed Sigmund
  4211 | D:5      | Killed Menkaure
  4212 | D:5      | Reached skill level 1 in Throwing
  4374 | D:5      | Reached skill level 5 in Shields
  4383 | D:5      | Found a glowing silver altar of Zin.
  4387 | D:5      | Found a shadowy altar of Dithmenos.
  4387 | D:5      | Found a stormy altar of Qazlal.
  4388 | D:5      | Found a sparkling altar of Nemelex Xobeh.
  4389 | D:5      | Found a sacrificial altar of Ru.
  4389 | D:5      | Found a radiant altar of Vehumet.
  4389 | D:5      | Found a basalt altar of Yredelemnul.
  4399 | D:5      | Reached skill level 5 in Maces & Flails
  4413 | D:5      | Noticed Blork the orc
  4424 | D:5      | Killed Blork the orc
  4425 | D:5      | Reached XP level 8. HP: 33/48 MP: 8/8
  4439 | D:5      | Noticed Edmund
  4832 | D:5      | Killed Edmund
  5284 | D:5      | Identified a scroll of acquirement
  5293 | D:5      | Killed Sigmund
  5294 | D:5      | Reached skill level 6 in Armour
  5426 | D:5      | Reached skill level 5 in Fighting
  5532 | D:5      | Killed by an exploding quokka... ignited by their inner
                  | flame

Illustrated notes

Levels and vault maps discovered:
D:1:      dpeg_arrival_connections, layout_basic
D:2:      layout_basic, uniq_natasha
D:3:      layout_basic, nicolae_overflow_ecumenical_swirl, xom_redecorated,
          shapermc_ecumenical_altar_mp_highgroup
D:4:      layout_basic
D:5:      layout_cave_pods, nicolae_overflows_in_rows, uniq_menkaure,
          uniq_sigmund, uniq_blork_the_orc, uniq_edmund
D:6:      layout_gridville, temple_fountains, kennysheep_generic_room_13,
          uniq_duvessa, uniq_grinder

Skill      XL: |  1  2  3  4  5  6  7  8 |
---------------+-------------------------+-----
Maces & Flails | 3 4 5 |  5.7
Armour         | 4 5 6 |  6.2
Fighting       | 4 5 |  5.0
Shields        | 4 5 |  5.6
Evocations     | 2 3 |  3.0
Throwing       | 1 |  1.9
Dodging        | |  0.5

Action                   |  1- 3 |  4- 6 |  7- 9 || total
-------------------------+-------+-------+-------++-------
Melee: Flail             |   138 |   152 |   133 ||   423
Throw: Boomerang         |       |    13 |    33 ||    46
Evoke: Wand              |       |       |     1 ||     1
  Use: Potion            |     1 |     1 |     4 ||     6
       Scroll            |       |     7 |    11 ||    18
 Stab: Invisible         |       |       |     1 ||     1
Armor: Scale mail        |    18 |       |       ||    18
       Chain mail        |    74 |    81 |    92 ||   247
Dodge: Dodged            |    62 |    39 |    41 ||   142
Block: Buckler           |    16 |    33 |    51 ||   100
